 Dungeon Crawl Stone Soup version 0.30-a0-586-g23e55c9e0a (webtiles) character file.

Game seed: 12712885387104178542

72 Citaku the Chopper (level 4, 0/41 HPs)
             Began as a Minotaur Berserker on Jan 3, 2023.
             Was a Believer of Trog.
             Slain by a ball python (1 damage)
             ... on level 2 of the Dungeon.
             The game lasted 00:03:24 (914 turns).

Citaku the Chopper (Minotaur Berserker)              Turns: 914, Time: 00:03:25

Health: 0/41       AC:  6    Str: 24    XL:     4   Next: 6%
Magic:  3/3        EV: 10    Int:  4    God:    Trog [**....]
Gold:   64         SH:  0    Dex:  9    Spells: 3/3 levels left

rFire   . . .      SeeInvis .    a - +0 hand axe
rCold   . . .      Faith    .    (no shield)
rNeg    . . .      Spirit   .    h - +0 scale mail
rPois   .          Reflect  .    (helmet restricted)
rElec   .          Harm     .    (no cloak)
rCorr   .          Rampage  .    (no gloves)
Will    .....                    (no boots) Stlth
                                 (no amulet)
HPRegen 0.26/turn                (no ring)
MPRegen 0.08/turn                (no ring)

@: mighty, brilliant
A: horns 2, retaliatory headbutt
a: Renounce Religion, Berserk, Trog's Hand


You were on level 2 of the Dungeon.
You worshipped Trog.
Trog was pleased with you.
You visited 1 branch of the dungeon, and saw 2 of its levels.

You collected 64 gold pieces.

Inventory:

Hand Weapons
 a - a +0 hand axe (weapon)
Armour
 c - a +0 pair of gloves
 h - a +0 scale mail (worn)
Wands
 g - a wand of roots (6)
Scrolls
 b - a scroll of noise


   Skills:
 + Level 4.3 Fighting
 * Level 4.4 Axes
 * Level 3.3 Armour
 * Level 3.0 Dodging


You had 3 spell levels left.
You didn't know any spells.
Your spell library was empty.

Dungeon Overview and Level Annotations

Branches:
Dungeon (2/15)

Altars:

Shops:
D:1 =

Annotations:
D:2 Sigmund, Terence


Innate Abilities, Weirdness & Mutations

You have a pair of horns on your head.
You reflexively headbutt those who attack you in melee.


Message History

* * * LOW HITPOINT WARNING * * *
You are too confused!
Something hits you but does no damage. The bat misses you.
A ball python comes into view.
Terence screams, "I'm going to kill you!"
Terence throws a stone.
The stone completely misses you. Something hits you.
* * * LOW HITPOINT WARNING * * *
You feel less confused. The bat hits you but does no damage.
Terence throws a stone.
The stone barely misses you. Something hits you but does no damage.
Terence throws a stone.
The stone barely misses you.
You miss the bat. The bat barely misses you.
Terence throws a stone.
The stone barely misses you.
You hear some strange, mumbled words.
Something tries to affect you, but you resist.
The bat hits you.
* * * LOW HITPOINT WARNING * * *
The ball python misses you. The ball python grabs you.
The ball python constricts you. The bat hits you but does no damage.
The ball python's grasp on you weakens, but your attempt to escape fails.
The bat closely misses you.
The ball python bites you but does no damage.
The ball python constricts you. Something hits you.
* * * LOW HITPOINT WARNING * * *
You escape the ball python's grasp.
The bat attacks as you move away! The bat hits you but does no damage.
The bat hits you.
* * * LOW HITPOINT WARNING * * *
Something hits you.
* * * LOW HITPOINT WARNING * * *
The ball python attacks as you move away!
The ball python closely misses you.
The ball python attacks as you move away!
The ball python barely misses you. The bat closely misses you.
You furiously retaliate!
You headbutt the bat!
You kill the bat!
Trog accepts your kill. The ball python bites you.
You die...

####..........#.....).
#..........#.......
##............#..<.
##......####......
#....### ####.#.
####....# #.#.
##......<# #...
######........## ....
#........@.....## .###
#[......S†........ ..
#..............##.
#.........@......
#..............##.
#.............##
#......(.........
#................
#................


You could see Terence and a ball python.

Vanquished Creatures
  Jessica (D:2)
  An adder (D:2)
  2 bats
  7 endoplasms
  A giant cockroach (D:1)
  3 goblins (D:1)
  3 hobgoblins
  4 jackals (D:1)
  3 kobolds (D:1)
  A quokka (D:1)
  3 ball pythons (D:1)
  4 frilled lizards (D:1)
  A rat (D:1)
34 creatures vanquished.

Notes
Turn   | Place    | Note
-------+----------+-------------------------------------------
     0 | D:1      | Citaku the Minotaur Berserker began the quest for the Orb.
     0 | D:1      | Reached XP level 1. HP: 19/19 MP: 0/0
   199 | D:1      | Reached XP level 2. HP: 18/27 MP: 1/1
   513 | D:1      | Reached XP level 3. HP: 33/33 MP: 2/2
   613 | D:1      | Found Macs's Jewellery Shop.
   794 | D:2      | Noticed Jessica
   799 | D:2      | Killed Jessica
   799 | D:2      | Reached ** piety under Trog
   883 | D:2      | Noticed Sigmund
   890 | D:2      | Reached XP level 4. HP: 39/41 MP: 3/3
   902 | D:2      | Noticed Terence
   910 | D:2      | HP: 2/41 [something (4)]
   914 | D:2      | Slain by a ball python

Illustrated notes

Levels and vault maps discovered:
D:1:      lemuel_arrival_lava_pool, layout_basic, serial_shops,
          nicolae_shop_advertising_works [nicolae_subvault_shop_adworks]
D:2:      layout_rooms, serial_curves, eino_curves_01, eino_curves_03,
          uniq_terence, uniq_jessica, uniq_sigmund

Skill      XL: |  1  2  3 |
---------------+----------+-----
Axes           | 4 |  4.4
Fighting       | 4 |  4.3
Armour         | 3 |  3.3
Dodging        | 3 |  3.0

Action                   |  1- 3 |  4- 6 || total
-------------------------+-------+-------++-------
Melee: Hand axe          |    61 |     8 ||    69
       Headbutt          |     8 |       ||     8
       Punch             |     2 |       ||     2
  Use: Potion            |     4 |       ||     4
       Scroll            |     1 |       ||     1
Armor: Leather armour    |    13 |       ||    13
       Animal skin       |     1 |       ||     1
       Scale mail        |       |    10 ||    10
Dodge: Dodged            |    33 |    11 ||    44

Table legend: (Time is in decaauts)
 A = Elapsed time spent in this place.
 B = Non-inter-level travel time spent in this place.
 C = Inter-level travel time spent in this place.
 D = Time resting spent in this place.
 E = Time spent auto-exploring this place.
 F = Levels seen in this place.
 G = Mean time per level.
                   A        B        C        D        E       F      G
               +--------+--------+--------+--------+--------+-----+--------+
         Total |    920 |    920 |      0 |      0 |    610 |   2 |  460.0 |
       Dungeon |    920 |    920 |      0 |      0 |    610 |   2 |  460.0 |
               +--------+--------+--------+--------+--------+-----+--------+

Top non-repeatable levels by time:
     D:1: 800 daAuts
     D:2: 120 daAuts
